[ AOE2 MATCH · #505803132 ]
UnrankedTupi vs Mongols
Player's team · WIN
Rival team · LOSS
[ REPLAY ANALYSIS · EXTRACTED FROM THE RECORDED GAME ]
Feudal
10:56
Castle
16:31
Imperial
35:21
| APM avg | 54.9 |
| APM peak | 102 |
| eAPM avg | 30.1 |
| Villagers / military | 227 / 12 |
Focus
⚔️ 36.5% · 🌾 63.5%
Unknown (2579) ×114 · Trebuchet (Packed) ×7 · Unknown (2550) ×6 · Spearman ×5
Feudal
8:50
Castle
20:48
Imperial
37:13
| APM avg | 57.4 |
| APM peak | 95 |
| eAPM avg | 25.4 |
| Villagers / military | 128 / 72 |
Focus
⚔️ 37.3% · 🌾 62.7%
Skirmisher ×28 · Mangudai ×20 · Mangonel ×8 · Scout Cavalry ×7 · Scorpion ×4 · Monk ×2
Match map
Initial resources + every placement click. Lines = walls · curves = elevation contours. ◆ gold · ⬟ stone · ● berries · ✦ relic · ◌ wall gap
Your base· Open — 8t gap
Ux'Chimtzin's base· ✓ Closed at 20:48 · 32t walls · no gate
Smoothed initial terrain · ◌ = detected wall gap · hover for details
Inputs per minute
— Hoanginator - - Ux'Chimtzin
Build order — Hoanginator
First 150 of 441 actions detected
| 0:01 | Create | Villager (Male) |
| 0:01 | Build | House |
| 0:02 | Build | House |
| 0:10 | Create | Villager (Male) |
| 0:11 | Create | Villager (Male) |
| 0:11 | Create | Villager (Male) |
| 1:01 | Create | Villager (Male) |
| 1:01 | Create | Villager (Male) |
| 1:28 | Create | Villager (Male) |
| 1:29 | Create | Villager (Male) |
| 1:57 | Build | Settlement |
| 2:03 | Create | Villager (Male) |
| 2:03 | Create | Villager (Male) |
| 2:04 | Create | Villager (Male) |
| 2:25 | Create | Villager (Male) |
| 2:25 | Create | Villager (Male) |
| 2:45 | Create | Villager (Male) |
| 2:45 | Create | Villager (Male) |
| 3:42 | Create | Villager (Male) |
| 3:42 | Create | Villager (Male) |
| 3:43 | Create | Villager (Male) |
| 3:56 | Create | Villager (Male) |
| 3:56 | Create | Villager (Male) |
| 4:17 | Create | Villager (Male) |
| 4:18 | Create | Villager (Male) |
| 4:29 | Build | Settlement |
| 4:39 | Create | Villager (Male) |
| 4:39 | Create | Villager (Male) |
| 4:39 | Create | Villager (Male) |
| 4:51 | Create | Villager (Male) |
| 5:09 | Create | Villager (Male) |
| 5:09 | Create | Villager (Male) |
| 5:09 | Create | Villager (Male) |
| 5:21 | Build | Palisade Gate |
| 5:30 | Create | Villager (Male) |
| 5:30 | Create | Villager (Male) |
| 5:42 | Create | Villager (Male) |
| 5:42 | Create | Villager (Male) |
| 5:42 | Create | Villager (Male) |
| 6:10 | Create | Villager (Male) |
| 6:10 | Create | Villager (Male) |
| 6:10 | Create | Villager (Male) |
| 6:10 | Create | Villager (Male) |
| 6:10 | Create | Villager (Male) |
| 6:40 | Create | Villager (Male) |
| 7:07 | Build | Settlement |
| 7:11 | Create | Villager (Male) |
| 7:27 | Create | Villager (Male) |
| 7:55 | Create | Villager (Male) |
| 8:05 | Research | Loom |
| 8:05 | Research | Loom |
| 8:15 | Research | Feudal Age |
| 8:15 | Research | Feudal Age |
| 8:47 | Build | Barracks |
| 9:21 | Build | Palisade Wall |
| 9:29 | Build | House |
| 9:32 | Build | Palisade Wall |
| 9:54 | Build | Palisade Wall |
| 10:03 | Build | Palisade Wall |
| 10:05 | Build | House |
| 10:06 | Build | Palisade Wall |
| 10:18 | Build | Palisade Wall |
| 10:24 | Build | Palisade Wall |
| 10:25 | Build | Palisade Wall |
| 10:25 | Build | Palisade Wall |
| 10:33 | Create | Villager (Male) |
| 10:34 | Create | Villager (Male) |
| 10:46 | Build | Palisade Wall |
| 10:48 | Create | Villager (Male) |
| 10:56 | Age | Feudal Age |
| 10:59 | Build | Palisade Wall |
| 11:06 | Create | Spearman |
| 11:08 | Create | Villager (Male) |
| 11:26 | Create | Villager (Male) |
| 11:32 | Build | Market |
| 11:43 | Create | Spearman |
| 12:42 | Build | Watch Tower |
| 12:51 | Create | Villager (Male) |
| 12:51 | Create | Villager (Male) |
| 13:02 | Create | Villager (Male) |
| 13:05 | Build | Blacksmith |
| 13:23 | Create | Villager (Male) |
| 13:49 | Research | Castle Age |
| 13:50 | Research | Castle Age |
| 13:50 | Research | Castle Age |
| 14:07 | Create | Spearman |
| 14:25 | Build | House |
| 14:53 | Build | House |
| 14:58 | Create | Spearman |
| 14:59 | Create | Spearman |
| 15:22 | Research | Double-Bit Axe |
| 15:23 | Research | Double-Bit Axe |
| 15:27 | Build | Farm |
| 15:28 | Build | Farm |
| 15:37 | Create | Villager (Male) |
| 15:44 | Create | Villager (Male) |
| 16:01 | Create | Villager (Male) |
| 16:31 | Age | Castle Age |
| 16:32 | Research | Fletching |
| 16:33 | Create | Villager (Male) |
| 16:33 | Create | Villager (Male) |
| 16:39 | Build | Castle |
| 16:43 | Build | Palisade Wall |
| 16:47 | Build | Farm |
| 16:53 | Build | Farm |
| 16:55 | Build | Farm |
| 17:18 | Build | Settlement |
| 17:27 | Create | Villager (Male) |
| 17:28 | Create | Villager (Male) |
| 17:28 | Create | Villager (Male) |
| 17:43 | Create | Villager (Male) |
| 17:48 | Build | Farm |
| 18:08 | Create | Unit 2579 |
| 18:08 | Create | Unit 2579 |
| 18:09 | Create | Unit 2579 |
| 18:09 | Create | Unit 2579 |
| 18:24 | Create | Villager (Male) |
| 18:24 | Create | Villager (Male) |
| 18:34 | Build | House |
| 18:40 | Create | Unit 2579 |
| 18:40 | Create | Unit 2579 |
| 18:59 | Research | Bodkin Arrow |
| 19:11 | Create | Villager (Male) |
| 19:11 | Create | Villager (Male) |
| 19:18 | Build | Farm |
| 19:23 | Create | Unit 2579 |
| 19:24 | Create | Unit 2579 |
| 19:43 | Create | Unit 2579 |
| 19:44 | Create | Unit 2579 |
| 19:44 | Create | Unit 2579 |
| 19:49 | Create | Villager (Male) |
| 19:49 | Create | Villager (Male) |
| 19:49 | Create | Villager (Male) |
| 20:19 | Research | Wheelbarrow |
| 20:24 | Create | Unit 2579 |
| 20:24 | Create | Unit 2579 |
| 20:25 | Create | Unit 2579 |
| 20:25 | Create | Unit 2579 |
| 20:40 | Create | Villager (Male) |
| 20:40 | Create | Villager (Male) |
| 20:46 | Create | Unit 2579 |
| 20:46 | Create | Unit 2579 |
| 20:46 | Create | Unit 2579 |
| 20:53 | Create | Unit 2579 |
| 20:54 | Create | Unit 2579 |
| 20:54 | Create | Unit 2579 |
| 21:02 | Create | Villager (Male) |
| 21:17 | Research | Bow Saw |
| 21:24 | Create | Unit 2579 |
| 21:25 | Create | Unit 2579 |
Build order — Ux'Chimtzin
First 150 of 368 actions detected
| 0:00 | Create | Villager (Male) |
| 0:00 | Create | Villager (Male) |
| 0:01 | Create | Villager (Male) |
| 0:02 | Build | House |
| 0:03 | Build | House |
| 0:16 | Create | Villager (Male) |
| 0:16 | Create | Villager (Male) |
| 1:26 | Create | Villager (Male) |
| 1:55 | Create | Villager (Male) |
| 2:28 | Create | Villager (Male) |
| 2:28 | Create | Villager (Male) |
| 2:53 | Create | Villager (Male) |
| 2:53 | Create | Villager (Male) |
| 3:04 | Build | Lumber Camp |
| 3:18 | Create | Villager (Male) |
| 3:18 | Create | Villager (Male) |
| 3:45 | Create | Villager (Male) |
| 3:45 | Create | Villager (Male) |
| 3:46 | Create | Villager (Male) |
| 4:09 | Build | House |
| 4:44 | Build | House |
| 4:46 | Create | Villager (Male) |
| 5:23 | Create | Villager (Male) |
| 5:37 | Build | Mill |
| 5:44 | Create | Villager (Male) |
| 5:44 | Create | Villager (Male) |
| 5:45 | Create | Villager (Male) |
| 5:58 | Research | Loom |
| 6:33 | Research | Feudal Age |
| 7:13 | Research | Loom |
| 7:27 | Build | Barracks |
| 7:51 | Build | House |
| 8:50 | Age | Feudal Age |
| 8:53 | Build | Stable |
| 8:57 | Research | Double-Bit Axe |
| 9:10 | Create | Spearman |
| 9:13 | Create | Villager (Male) |
| 9:25 | Build | House |
| 9:32 | Create | Scout Cavalry |
| 9:33 | Create | Scout Cavalry |
| 9:41 | Create | Villager (Male) |
| 10:01 | Create | Villager (Male) |
| 10:03 | Build | Farm |
| 10:04 | Build | Farm |
| 10:17 | Create | Scout Cavalry |
| 10:19 | Build | Farm |
| 10:22 | Build | House |
| 10:23 | Create | Villager (Male) |
| 10:42 | Create | Villager (Male) |
| 10:54 | Build | Farm |
| 10:56 | Build | Farm |
| 10:57 | Create | Villager (Male) |
| 11:24 | Build | Watch Tower |
| 11:31 | Build | Blacksmith |
| 11:33 | Create | Scout Cavalry |
| 11:44 | Create | Spearman |
| 11:48 | Create | Villager (Male) |
| 11:51 | Build | Farm |
| 12:02 | Build | Watch Tower |
| 12:16 | Create | Villager (Male) |
| 12:20 | Build | Watch Tower |
| 12:31 | Build | Farm |
| 12:45 | Create | Villager (Male) |
| 12:49 | Build | Farm |
| 12:55 | Create | Villager (Male) |
| 13:14 | Build | Farm |
| 13:31 | Build | Farm |
| 13:33 | Build | Mining Camp |
| 13:35 | Research | Forging |
| 13:46 | Build | Watch Tower |
| 13:49 | Create | Villager (Male) |
| 13:50 | Create | Villager (Male) |
| 14:11 | Build | Farm |
| 14:23 | Build | Mining Camp |
| 14:40 | Create | Villager (Male) |
| 14:46 | Create | Villager (Male) |
| 15:07 | Build | House |
| 15:10 | Build | Farm |
| 15:11 | Build | Farm |
| 15:11 | Build | Farm |
| 15:11 | Build | Farm |
| 15:21 | Build | House |
| 15:25 | Create | Villager (Male) |
| 15:41 | Create | Villager (Male) |
| 16:22 | Build | Watch Tower |
| 16:23 | Create | Villager (Male) |
| 16:32 | Build | House |
| 16:33 | Build | Palisade Wall |
| 16:40 | Build | Palisade Wall |
| 16:41 | Build | Palisade Wall |
| 16:44 | Create | Villager (Male) |
| 16:50 | Build | House |
| 16:52 | Build | Palisade Wall |
| 16:54 | Build | Palisade Wall |
| 16:55 | Build | Palisade Wall |
| 16:55 | Build | Palisade Wall |
| 17:00 | Build | Palisade Wall |
| 17:01 | Build | Palisade Wall |
| 17:09 | Create | Villager (Male) |
| 17:23 | Build | Palisade Gate |
| 17:24 | Build | Palisade Wall |
| 17:37 | Build | Palisade Wall |
| 17:38 | Build | Palisade Wall |
| 17:43 | Create | Villager (Male) |
| 17:49 | Build | House |
| 18:06 | Research | Castle Age |
| 18:12 | Build | House |
| 18:49 | Create | Scout Cavalry |
| 18:56 | Research | Horse Collar |
| 18:59 | Build | Farm |
| 19:01 | Build | House |
| 19:12 | Create | Scout Cavalry |
| 19:48 | Research | Bloodlines |
| 19:51 | Build | Farm |
| 19:54 | Research | Gold Mining |
| 20:02 | Build | Stable |
| 20:08 | Create | Villager (Male) |
| 20:14 | Create | Scout Cavalry |
| 20:25 | Build | Lumber Camp |
| 20:48 | Age | Castle Age |
| 20:51 | Build | Siege Workshop |
| 21:03 | Create | Knight |
| 21:05 | Create | Villager (Male) |
| 21:25 | Create | Scorpion |
| 21:34 | Create | Villager (Male) |
| 22:03 | Create | Villager (Male) |
| 22:43 | Create | Scorpion |
| 23:00 | Create | Mangonel |
| 23:34 | Create | Villager (Male) |
| 23:42 | Create | Mangonel |
| 23:51 | Create | Villager (Male) |
| 23:52 | Build | Market |
| 24:04 | Create | Mangonel |
| 24:06 | Create | Villager (Male) |
| 24:06 | Create | Villager (Male) |
| 24:30 | Research | Bow Saw |
| 24:39 | Create | Villager (Male) |
| 24:57 | Build | Town Center |
| 24:59 | Create | Villager (Male) |
| 25:04 | Create | Villager (Male) |
| 25:13 | Create | Villager (Male) |
| 25:23 | Create | Mangonel |
| 25:27 | Create | Villager (Male) |
| 25:33 | Create | Villager (Male) |
| 25:38 | Build | House |
| 25:51 | Create | Villager (Male) |
| 25:51 | Create | Villager (Male) |
| 26:23 | Research | Wheelbarrow |
| 26:24 | Research | Town Watch |
| 26:29 | Research | Wheelbarrow |
Match timeline
| 7:27 | Ux'Chimtzin · first_building Barracks |
| 8:47 | Hoanginator · first_building Barracks |
| 8:50 | Ux'Chimtzin · age_up feudal |
| 8:53 | Ux'Chimtzin · first_building Stable |
| 9:21 | Hoanginator · wall_segment Palisade Wall x9 |
| 9:32 | Hoanginator · wall_segment Palisade Wall x1 |
| 9:54 | Hoanginator · wall_segment Palisade Wall x1 |
| 10:03 | Hoanginator · wall_segment Palisade Wall x1 |
| 10:06 | Hoanginator · wall_segment Palisade Wall x4 |
| 10:18 | Hoanginator · wall_segment Palisade Wall x7 |
| 10:24 | Hoanginator · wall_segment Palisade Wall x1 |
| 10:25 | Hoanginator · wall_segment Palisade Wall x1 |
| 10:25 | Hoanginator · wall_segment Palisade Wall x5 |
| 10:46 | Hoanginator · wall_segment Palisade Wall x1 |
| 10:56 | Hoanginator · age_up feudal |
| 10:59 | Hoanginator · wall_segment Palisade Wall x1 |
| 13:36 | Hoanginator · first_market_buy 100 food |
| 13:49 | Hoanginator · first_market_sell 100 wood |
| 16:31 | Hoanginator · age_up castle |
| 16:33 | Ux'Chimtzin · wall_segment Palisade Wall x6 |
| 16:39 | Hoanginator · first_building Castle |
| 16:40 | Ux'Chimtzin · wall_segment Palisade Wall x1 |
| 16:41 | Ux'Chimtzin · wall_segment Palisade Wall x1 |
| 16:43 | Hoanginator · wall_segment Palisade Wall x1 |
| 16:52 | Ux'Chimtzin · wall_segment Palisade Wall x1 |
| 16:54 | Ux'Chimtzin · wall_segment Palisade Wall x2 |
| 16:55 | Ux'Chimtzin · wall_segment Palisade Wall x1 |
| 16:55 | Ux'Chimtzin · wall_segment Palisade Wall x1 |
| 17:00 | Ux'Chimtzin · wall_segment Palisade Wall x7 |
| 17:01 | Ux'Chimtzin · wall_segment Palisade Wall x6 |
| 17:24 | Ux'Chimtzin · wall_segment Palisade Wall x6 |
| 17:37 | Ux'Chimtzin · wall_segment Palisade Wall x1 |
| 17:38 | Ux'Chimtzin · wall_segment Palisade Wall x1 |
| 20:48 | Ux'Chimtzin · age_up castle |
| 20:51 | Ux'Chimtzin · first_building Siege Workshop |
| 24:28 | Ux'Chimtzin · first_market_sell 100 food |
| 24:29 | Ux'Chimtzin · first_market_buy 100 wood |
| 27:42 | Ux'Chimtzin · first_building Monastery |
| 28:01 | Ux'Chimtzin · first_building Castle |
| 35:21 | Hoanginator · age_up imperial |
| 36:39 | Ux'Chimtzin · first_building Archery Range |
| 37:13 | Ux'Chimtzin · age_up imperial |
| 41:44 | Ux'Chimtzin · resign |
[ AI ANALYSIS · 1 CREDIT ]
What really happened in this match?
Wolo.gg analyzes every decision: build order, eco, micro, common mistakes by bracket. Personalized analysis on WhatsApp or Discord in 30 seconds.
Civ guide
Tupi
Perfil
Jugador #3241077